 Dungeon Crawl Stone Soup version 0.31-a0-986-g5e6e4ef867 (webtiles) character file.

Game seed: 11818548485630669057

23475 avis the Spry (level 12, -1/57 HPs)
             Began as a Felid Shapeshifter on Nov 19, 2023.
             Was an Initiate of Gozag.
             Killed from afar by a battlesphere (6 damage)
             ... created by a tengu conjurer
             ... in a Gauntlet.
             The game lasted 01:40:35 (18474 turns).

avis the Spry (Felid Shapeshifter)                 Turns: 18474, Time: 01:40:36

Health: -1/57      AC:  7    Str: 10    XL:     12   Next: 72%
Magic:  19/19      EV: 30    Int: 13    God:    Gozag
Gold:   2669       SH:  0    Dex: 19    Spells: 15/19 levels left
                                        Lives:  0   Deaths: 4

rFire   . .          .
                       - Unarmed
rCold   + . .        (shield unavailable)
rNeg    . . .        (body armour unavailable)
rPois   .            (helmet unavailable)
rElec   .            (cloak unavailable)
rCorr   .            (gloves unavailable)
SInv    +            (boots unavailable)
Will    +....        b - amulet of regeneration
Stlth   +            c - +4 ring of protection
HPRegen 1.09/turn    h - ring of wizardry
MPRegen 0.16/turn

%: no teleportation, wizardry (x1)
@: flux-form, glowing, quick
A: glow, contaminating, very small, claws 1, fangs 3, see invisible, speed 1,
shaggy fur 3, stealthy paws, no weapons or thrown items, no armour, multi-lived
a: Begin Untransformation, Renounce Religion, Potion Petition, Call Merchant,
Bribe Branch


You were in a Gauntlet.
You worshipped Gozag.
Gozag was most pleased with you.
You were something dangerously unstable.
You visited 3 branches of the dungeon, and saw 15 of its levels.
You also visited: Sewer, Bailey and Gauntlet.

You collected 3490 gold pieces.
You spent 245 gold pieces at shops.
You paid 576 gold pieces to Gozag.

Inventory:

Jewellery
 b - an amulet of regeneration (around neck)
 c - a +4 ring of protection (left paw)
 d - a ring of poison resistance
 h - a ring of wizardry (right paw)
 p - a ring of willpower
 x - a +5 ring of evasion
 z - a ring of resist corrosion
 B - an amulet of guardian spirit
 H - a ring of protection from fire
 I - a ring of flight
 J - a +6 ring of dexterity
 L - an amulet of reflection
Talismans
 f - a flux talisman (active)
 M - a maw talisman
Wands
 K - a wand of mindburst (4)
Scrolls
 i - a scroll of noise
 j - 4 scrolls of teleportation
 k - a scroll of revelation
 l - a scroll of amnesia
 m - a scroll of torment {unknown}
 o - a scroll of poison {unknown}
 q - 4 scrolls of enchant armour {unknown}
 t - 2 scrolls of fear {unknown}
 u - 2 scrolls of summoning {unknown}
 v - 2 scrolls of fog {unknown}
 y - 3 scrolls of blinking {unknown}
 A - 3 scrolls of immolation {unknown}
 D - a scroll of silence
 E - 3 scrolls of brand weapon {unknown}
Potions
 a - 6 potions of brilliance
 e - 2 potions of cancellation
 g - 2 potions of enlightenment
 n - 2 potions of heal wounds
 r - 5 potions of might
 s - a potion of haste
 w - 2 potions of resistance
 C - 2 potions of magic
 F - 3 potions of curing
 G - 3 potions of berserk rage


   Skills:
 - Level 9.0 Fighting
 * Level 15.8 Dodging
 - Level 9.0 Unarmed Combat
 - Level 4.0 Spellcasting
 - Level 10.0 Translocations
 - Level 4.0 Air Magic
 - Level 10.0 Shapeshifting


You had 15 spell levels left.
You knew the following spells:

 Your Spells              Type           Power      Damage    Failure   Level
a - Vhi's Electric Charg  Tloc/Air       40%        N/A       4%          4

Your spell library contained the following spells:

 Spells                   Type           Power      Damage    Failure   Level
 Gell's Gravitas          Tloc           28%        N/A       1%          3
 Teleport Other           Tloc           28%        N/A       1%          3
 Kiss of Death            Conj/Necr      8%         2d6       9%          1
 Magic Dart               Conj           8%         1d3       9%          1
 Call Imp                 Summ           4%         N/A       12%         2
 Mephitic Cloud           Conj/Pois/Air  6%         N/A       16%         3
 Dispersal                Tloc           14%        N/A       21%         6
 Confusing Touch          Hex            2%         N/A       24%         3
 Dispel Undead            Necr           2%         3d7       58%         4
 Arcjolt                  Conj/Air       3%         1d13      65%         5
 Iskenderun's Battlesphe  Conj           2%         2d6       89%         5
 Bombard                  Conj/Erth      1%         9d1       100%        6
 Spellforged Servitor     Conj/Summ      1%         N/A       100%        7
 Maxwell's Capacitive Co  Air            6%         ∞         100%        8


Dungeon Overview and Level Annotations

Branches:
Dungeon (10/15)            Temple (1/1) D:4            Lair (4/5) D:10
  Swamp (0/4) Lair:3        Snake (0/4) Lair:3          Orc (0/2) D:9
  Sewer (visited)          Bailey (visited)         Gauntlet (1/1)
  Slime: Lair:4-5

Altars:
Ashenzari
Cheibriados
Dithmenos
Elyvilon
Fedhas
Gozag
Hepliaklqana
Kikubaaqudgha
Makhleb
Nemelex Xobeh
Okawaru
Qazlal
Ru
Sif Muna
Trog
Uskayaw
Vehumet
Wu Jian
Xom
Yredelemnul
Zin
The Shining One

Shops:
D:9 **   Lair:1 :

Annotations:
D:9 3 runed translucent doors
Lair:4 Kirke Gauntlet 13 transporters, 3 runed translucent doors


Innate Abilities, Weirdness & Mutations

You are something dangerously unstable.
You glow with magical radiation, making you easy to see and hit.
Foes you strike become dangerously contaminated with magical radiation.
You have sharp claws.
You have razor-sharp teeth.
You have supernaturally acute eyesight. (SInv)
You cover ground quickly. (Speed+)
Your thick and shaggy fur keeps you warm. (AC +3, rC+)
Your paws help you pounce on unaware monsters.
You are incapable of wielding weapons or throwing items.
You cannot wear armour.
You gain extra lives every three experience levels.


Message History

The tengu conjurer is lightly wounded.
The tengu conjurer misses you. The tengu conjurer pecks you.
The tengu conjurer barely misses you. The tengu conjurer blocks your attack.
The tengu conjurer is lightly wounded.
You barely miss the tengu conjurer.
The tengu conjurer is lightly wounded.
The tengu conjurer completely misses you.
The tengu conjurer barely misses you.
The tengu conjurer completely misses you.
The tengu conjurer blocks your attack.
The tengu conjurer is lightly wounded.
The tengu conjurer hits you! The tengu conjurer misses you.
The tengu conjurer claws you but does no damage.
You scratch the tengu conjurer.
The tengu conjurer glows dangerously bright.
The tengu conjurer is moderately wounded.
The tengu conjurer completely misses you.
The tengu conjurer pecks you.
The tengu conjurer completely misses you.
You barely miss the tengu conjurer.
The tengu conjurer is moderately wounded.
The tengu conjurer gestures at you while chanting.
The bolt of lightning hits you! The bolt of lightning misses you.
The battlesphere fires!
The barrage of energy hits you!
You scratch the tengu conjurer.
The tengu conjurer shudders as magic cascades through it!
The tengu conjurer twists and deforms.
The tengu conjurer is almost dead.
The tengu conjurer blocks your attack.
Your bite misses the tengu conjurer.
The tengu conjurer is almost dead.
The tengu conjurer misses you.
The tengu conjurer closely misses you. x2
You miss the tengu conjurer.
The tengu conjurer is almost dead.
The tengu conjurer casts a spell at you.
The bolt of lightning hits you!!
* * * LOW HITPOINT WARNING * * *
The battlesphere fires!
The barrage of energy hits you.
You die...
Your body crumbles into a pile of gold.

##≈###≈###≈###≈##
#≈≈≈#≈≈≈#≈≈≈#≈≈≈#
#≈...∩...∩...≈#
##...........##
##≈.....©.....≈##
#≈≈.#########.≈≈#
##≈.#....##.#.≈##
##.##.^##..#.##
##≈.###.#p^*#.≈##
#≈≈.#.##Q##©#.≈≈#
##≈.#.^Q#.###.≈##
##.#..##^.##.##
##≈.#.##©!."#.≈##
#≈≈.#########.≈≈#
##≈.#8..©#....≈##
##.#©...#.8..##
##≈.#8..©#....≈##


You could see a tengu warrior, a tengu conjurer (misshapen) and a battlesphere.

Vanquished Creatures
  2 vault guards (Bailey)
  2 two-headed ogres
  2 spriggan druids (Lair:3)
  4 lindwurms (D:9)
  2 black mambas
  A torpor snail (Lair:1)
  2 rime drakes (Lair:2)
  A kobold demonologist (D:10)
  7 cane toads
  Maggie (D:7)
  7 komodo dragons
  A troll (D:9)
  3 hornets
  A polar bear (Lair:1)
  Prince Ribbit (Bailey)
  3 wyverns
  A basilisk (Lair:2)
  23 yaks
  5 humans (Bailey)
  3 steam dragons (D:5)
  A warg (D:9)
  2 nagas (Lair:3)
  An acid dragon (D:9)
  5 water moccasins
  5 ice beasts
  4 orc warriors
  3 sky beasts
  A black bear (D:4)
  A centaur (D:7)
  3 ogres
  10 wolves
  A phantom (D:4)
  A kobold brigand (D:9)
  18 bullfrogs
  A gnoll sergeant (D:6)
  A scorpion (D:4)
  3 killer bees (D:7)
  An electric eel (Lair:2)
  5 hounds
  6 orc priests
  4 jellies
  3 gnoll boudas
  11 orc wizards
  2 sleepcaps
  Natasha (D:3)
  4 iguanas
  21 gnolls
  14 adders
  5 river rats (Sewer)
  4 worms
  2 dart slugs
  50 orcs
  4 endoplasms
  8 giant cockroaches
  15 goblins
  8 hobgoblins
  5 jackals
  8 kobolds
  5 quokkas
  23 ball pythons
  7 bats
  5 frilled lizards
  23 rats
  A butterfly (Lair:2)
378 creatures vanquished.

Vanquished Creatures (others)
  A butterfly (Lair:2)
1 creature vanquished.

Grand Total: 379 creatures vanquished

Notes
Turn   | Place    | Note
-------+----------+-------------------------------------------
     0 | D:1      | avis the Felid Shapeshifter began the quest for the Orb.
     0 | D:1      | Reached XP level 1. HP: 9/9 MP: 2/2
   165 | D:1      | Reached skill level 3 in Dodging
   228 | D:1      | Reached XP level 2. HP: 12/12 MP: 3/3
  1096 | D:2      | Noticed an ogre
  1250 | D:2      | Reached skill level 4 in Dodging
  1250 | D:2      | Reached XP level 3. HP: 16/16 MP: 4/4
  2005 | D:2      | Killed an ogre
  2006 | D:2      | Reached skill level 6 in Dodging
  2006 | D:2      | Reached XP level 4. HP: 14/19 MP: 5/5
  2006 | D:2      | Reached XP level 5. HP: 17/22 MP: 6/6
  2439 | D:3      | Noticed Natasha
  2452 | D:3      | Killed Natasha
  2468 | D:3      | Found a faded altar of an unknown god.
  2752 | D:4      | Reached skill level 5 in Shapeshifting
  2834 | D:4      | Gained mutation: You are covered in thick fur. (AC +2)
                  | [Felid growth]
  2834 | D:4      | Reached XP level 6. HP: 23/27 MP: 7/7
  2994 | D:4      | Found a staircase to the Ecumenical Temple.
  3008 | Temple   | Entered the Ecumenical Temple
  3018 | Temple   | Became a worshipper of Gozag Ym Sagoz the Greedy
  3193 | D:4      | Slain by an iguana
  3241 | D:4      | Reached XP level 7. HP: 27/31 MP: 8/8
  3370 | D:4      | Found a glowing drain.
  3384 | Sewer    | Entered a sewer
  3698 | Sewer    | Reached skill level 7 in Dodging
  3858 | D:4      | Reached skill level 8 in Dodging
  4199 | D:4      | You fall into a shaft and drop 2 floors!
  4224 | D:6      | Learned a level 4 spell: Vhi's Electric Charge
  4267 | D:6      | Reached XP level 8. HP: 19/34 MP: 9/9
  4448 | D:6      | Reached skill level 9 in Dodging
  4453 | D:6      | Reached skill level 1 in Translocations
  4453 | D:6      | Reached skill level 1 in Air Magic
  4457 | D:6      | Reached skill level 1 in Spellcasting
  5067 | D:6      | Killed from afar by a steam dragon
  5245 | D:5      | Entered Level 5 of the Dungeon
  6273 | D:5      | Identified the scarf of Autumn {harm, rElec rN+ Dex-5}
  6942 | D:6      | Reached skill level 10 in Dodging
  7032 | D:5      | Reached skill level 5 in Translocations
  7032 | D:5      | Reached XP level 9. HP: 29/39 MP: 13/13
  8265 | D:7      | Identified the +3 great sword of Eroc {vamp, rC+ rN++
                  | rCorr}
  8299 | D:7      | Reached skill level 11 in Dodging
  8404 | D:7      | Noticed Maggie
  8419 | D:7      | Killed Maggie
  8420 | D:7      | Reached skill level 12 in Dodging
  9278 | D:7      | HP: 2/58 [killer bee (1)]
  9470 | D:8      | Reached skill level 10 in Translocations
  9834 | D:8      | Found a hide-covered altar of Uskayaw.
  9855 | D:8      | Reached XP level 10. HP: 29/43 MP: 15/15
 10100 | D:8      | Reached skill level 5 in Fighting
 10361 | D:9      | Found a flagged portal.
 10448 | D:9      | Killed from afar by an acid dragon
 10470 | D:9      | Found Goimum's Specific Store.
 10492 | D:9      | Found Ilulyph's General Store.
 10508 | Bailey   | Entered a bailey
 10759 | Bailey   | Reached skill level 13 in Dodging
 10991 | Bailey   | Noticed a vault guard
 10996 | Bailey   | Mangled by a vault guard
 11019 | Bailey   | Killed a vault guard
 11020 | Bailey   | Reached skill level 14 in Dodging
 11145 | Bailey   | Noticed Prince Ribbit
 11145 | Bailey   | Noticed a vault guard
 11159 | Bailey   | Killed Prince Ribbit
 11168 | Bailey   | Killed a vault guard
 11169 | Bailey   | Reached skill level 15 in Dodging
 11169 | Bailey   | Reached XP level 11. HP: 20/47 MP: 7/18
 11683 | D:9      | Found a staircase to the Orcish Mines.
 11864 | D:9      | Reached skill level 5 in Unarmed Combat
 11981 | D:9      | Found a runed translucent gate.
 11981 | D:9      | Found a runed translucent gate.
 11981 | D:9      | Found a runed translucent gate.
 11982 | D:9      | Noticed a white ugly thing
 11983 | D:9      | Noticed a red ugly thing
 11983 | D:9      | Noticed a red ugly thing
 11985 | D:9      | Noticed a green ugly thing
 11985 | D:9      | Noticed a cyan ugly thing
 12286 | D:9      | Bought a ring of flight for 245 gold pieces
 12446 | D:9      | Noticed a two-headed ogre
 12458 | D:9      | Killed a two-headed ogre
 12734 | D:9      | Noticed a lindwurm
 12734 | D:9      | Noticed a lindwurm
 12747 | D:9      | Noticed a lindwurm
 12807 | D:9      | Noticed a lindwurm
 12822 | D:9      | Killed a lindwurm
 12827 | D:9      | Killed a lindwurm
 12838 | D:9      | Killed a lindwurm
 12839 | D:9      | Killed a lindwurm
 12985 | D:9      | Identified the staff of Honesty {rElec rC+ Air}
 12991 | D:9      | Identified the -1 cloak of Pantheism {Dex+3}
 13085 | D:10     | Entered Level 10 of the Dungeon
 13408 | D:10     | Found a staircase to the Lair.
 13501 | D:10     | Noticed a two-headed ogre
 13506 | D:10     | Killed a two-headed ogre
 14212 | Lair:1   | Entered Level 1 of the Lair of Beasts
 15070 | Lair:1   | Identified the +1 leather armour of the Echidna {rF+ MP+9
                  | Slay+4}
 15435 | Lair:1   | Gained mutation: Your thick and shaggy fur keeps you warm.
                  | (AC +3, rC+) [Felid growth]
 15435 | Lair:1   | Reached XP level 12. HP: 55/55 MP: 19/19
 17032 | Lair:3   | Reached skill level 10 in Shapeshifting
 17110 | Lair:3   | Found a staircase to the Snake Pit.
 17561 | Lair:3   | HP: 2/57 [spriggan druid/stone arrow (26)]
 17898 | Lair:3   | Found a staircase to the Swamp.
 18094 | Gauntlet | Identified the "Rotius"
 18095 | Lair:4   | Noticed Kirke
 18284 | Lair:4   | Found a gate leading to a gauntlet.
 18308 | Gauntlet | Entered a Gauntlet
 18308 | Gauntlet | Noticed a tengu warrior
 18308 | Gauntlet | Found a transporter.
 18314 | Gauntlet | Found a transporter.
 18318 | Gauntlet | Found a transporter.
 18323 | Gauntlet | Found a transporter.
 18326 | Gauntlet | Found a runed translucent gate.
 18326 | Gauntlet | Found a runed translucent gate.
 18330 | Gauntlet | Found a runed translucent gate.
 18330 | Gauntlet | Found a transporter.
 18334 | Gauntlet | Found a transporter.
 18339 | Gauntlet | Found a transporter.
 18343 | Gauntlet | Noticed a catoblepas
 18350 | Gauntlet | Found a transporter.
 18355 | Gauntlet | Found a transporter.
 18355 | Gauntlet | Found a transporter.
 18362 | Gauntlet | Found a transporter.
 18367 | Gauntlet | Found a transporter.
 18370 | Gauntlet | Noticed a hell hog
 18372 | Gauntlet | Found a transporter.
 18380 | Gauntlet | Found a transporter.
 18474 | Gauntlet | Killed from afar by a battlesphere

Illustrated notes

Levels and vault maps discovered:
D:1:      minmay_arrival_jagged, layout_basic
D:2:      kennysheep_six_static_rooms, layout_loops_corners
D:3:      layout_basic, shapermc_ecumenical_altar_totnotflames,
          kennysheep_generic_room_4, uniq_natasha
D:4:      minmay_opposing_rooms, layout_cave_pods,
          minmay_temple_entry_proselytizer,
          mainiacjoe_sewer_entry_somewhere_in_here_1, kennysheep_generic_room_3
D:5:      layout_layer_cave, minmay_misc_feat_columns
D:6:      cheibrodos_steamvent, layout_basic
D:7:      layout_layer_cave, uniq_maggie
D:8:      layout_loops_ring, mainiacjoe_overflow_tiny_flanked
D:9:      layout_roguey, erik_orc_3, enter_bailey_2,
          ploomutoo_gammafunk_ghost_potion_laboratory, nicolae_specific_store,
          minmay_lindwurm_lava
D:10:     layout_small_grid, dpeg_oklobed_lair
Temple:   nicolae_temple_bog_church
Lair:1:   layout_regular_city
Lair:2:   layout_layer_cave, grunt_megastairs_4, serial_bayou_shore_a,
          lemuel_fruit_fields
Lair:3:   layout_gridlike, mainiacjoe_swamp_entry_angry_trees,
          guppyfry_snake_entry_garden
Lair:4:   layout_regular_city, slime_entry_1, ebering_ghost_inner_flame,
          gauntlet_entry_generic, uniq_kirke
Gauntlet: gammafunk_gauntlet_77_escape_option [minmay_gauntlet_arena_77_fan,
          minmay_gauntlet_arena_77_run_for_it,
          minmay_gauntlet_arena_77_radiant_squares,
          minmay_gauntlet_arena_77_p_blocks,
          minmay_gauntlet_arena_77_tiled_triplets, gauntlet_exit_watery]

Skill      XL: |  1  2  3  4  5  6  7  8  9 10 11 12 |
---------------+-------------------------------------+-----
Dodging        | 3 4 6 8 10 12 15 | 15.8
Fighting       | 2 3 4 5 7 9 |  9.0
Shapeshifting  | 5 6 7 9 10 | 10.0
Translocations | 5 10 | 10.0
Air Magic      | 2 4 |  4.0
Spellcasting   | 2 3 4 |  4.0
Unarmed Combat | 7 9 |  9.0

Action                     |  1- 3 |  4- 6 |  7- 9 | 10-12 || total
---------------------------+-------+-------+-------+-------++-------
  Melee: Unarmed           |    91 |   154 |   572 |   853 ||  1670
         Bite              |     4 |    17 |    79 |   182 ||   282
         Punch             |       |     6 |       |       ||     6
   Cast: Vhi's Electric Ch |       |       |       |    30 ||    30
 Invoke: Call Merchant     |       |       |       |     1 ||     1
  Evoke: Wand              |       |       |     3 |     7 ||    10
    Use: Potion            |     1 |       |     5 |     4 ||    10
         Scroll            |       |       |       |    17 ||    17
   Stab: Sleeping          |     2 |     3 |     1 |       ||     6
 Armour: Skin              |    14 |    36 |   206 |   191 ||   447
  Dodge: Dodged            |    62 |   114 |   621 |   829 ||  1626
  Block: Other             |       |       |       |    31 ||    31
   Form: Flux              |       |       |     1 |       ||     1

Table legend: (Time is in decaauts)
 A = Elapsed time spent in this place.
 B = Non-inter-level travel time spent in this place.
 C = Inter-level travel time spent in this place.
 D = Time resting spent in this place.
 E = Time spent auto-exploring this place.
 F = Levels seen in this place.
 G = Mean time per level.
                   A        B        C        D        E       F      G
               +--------+--------+--------+--------+--------+-----+--------+
         Total |  15941 |  14753 |   1188 |   2889 |   6669 |  18 |  885.6 |
       Dungeon |  11154 |  10208 |    946 |   1995 |   5252 |  10 | 1115.4 |
        Temple |     78 |     71 |      7 |     59 |      0 |   1 |   78.0 |
          Lair |   3483 |   3249 |    234 |    369 |   1417 |   4 |  870.8 |
         Sewer |    355 |    355 |      0 |      0 |      0 |   1 |  355.0 |
        Bailey |    736 |    736 |      0 |    466 |      0 |   1 |  736.0 |
      Gauntlet |    133 |    133 |      0 |      0 |      0 |   1 |  133.0 |
               +--------+--------+--------+--------+--------+-----+--------+

Top non-repeatable levels by time:
     D:9: 1602 daAuts
     D:5: 1502 daAuts
     D:6: 1461 daAuts
     D:7: 1373 daAuts
  Lair:2: 1319 daAuts
  Lair:1: 1155 daAuts
     D:8: 1130 daAuts
     D:4: 1070 daAuts
     D:2: 953 daAuts
  Lair:3: 908 daAuts
     D:1: 853 daAuts
    D:10: 756 daAuts
  Bailey: 736 daAuts
     D:3: 451 daAuts
   Sewer: 355 daAuts
